 Dungeon Crawl Stone Soup version 0.30-a0-852-g08b95dd62f (webtiles) character file.

Game seed: 13432700701434950837

137 Rocko1345 the Sneak (level 5, -7/31 HPs)
             Began as a Kobold Brigand on Mar 4, 2023.
             Was a Believer of Sif Muna.
             Mangled by an ogre
             ... wielding a +0 giant club
              (24 damage)
             ... on level 4 of the Dungeon.
             The game lasted 00:17:14 (2728 turns).

Rocko1345 the Sneak (Kobold Brigand)                Turns: 2728, Time: 00:17:15

Health: -7/31      AC:  4    Str:  6    XL:     5   Next: 43%
Magic:  7/7        EV: 14    Int: 15    God:    Sif Muna [**....]
Gold:   176        SH:  0    Dex: 16    Spells: 5/6 levels left

rFire   x . .      SeeInvis .    a - +2 dagger
rCold   . . .      Faith    .    (no shield)
rNeg    . . .      Spirit   .    b - +0 robe
rPois   .          Reflect  .    (no helmet)
rElec   .          Rampage  .    c - +0 cloak
rCorr   .                        (no gloves)
Will    +....                    g - +0 pair of boots
Stlth   +++++                    (no amulet)
HPRegen 0.25/turn                f - ring of willpower
MPRegen 0.10/turn                i - ring of wizardry

@: hasted, very quick
A: small, no large weapons, nightstalker 3, weak 1, heat vulnerability 1
a: Renounce Religion, Channel Magic


You were on level 4 of the Dungeon.
You worshipped Sif Muna.
Sif Muna was pleased with you.
You visited 1 branch of the dungeon, and saw 4 of its levels.

You collected 176 gold pieces.

Inventory:

Hand Weapons
 a - a +2 dagger (weapon)
Missiles
 d - 4 poisoned darts
 e - 8 curare-tipped darts (quivered)
 h - 18 stones
Armour
 b - a +0 robe (worn)
 c - a +0 cloak (worn)
 g - a +0 pair of boots (worn)
Magical Staves
 j - a staff of earth
Jewellery
 f - a ring of willpower (left hand)
 i - a ring of wizardry (right hand)
Scrolls
 l - a scroll of immolation {unknown}
 n - a scroll of magic mapping {unknown}
 o - a scroll of enchant armour {unknown}
 r - a scroll of fog {unknown}
 s - 2 scrolls of enchant weapon {unknown}
 v - a scroll of teleportation {unknown}
Potions
 k - a potion of curing {unknown}
 m - 2 potions of might {unknown}
 p - a potion of berserk rage {unknown}
 q - a potion of attraction {unknown}
 w - a potion of brilliance {unknown}
 z - a potion of resistance
 A - a potion of degeneration {unknown}


   Skills:
 + Level 2.6 Fighting
 * Level 3.9 Short Blades
 + Level 2.2 Throwing
 + Level 1.5 Dodging
 + Level 7.3 Stealth
 * Level 1.4 Spellcasting
 + Level 0.3 Earth Magic


You had 5 spell levels left.
You knew the following spells:

 Your Spells              Type           Power      Damage    Failure   Level
a - Sandblast             Erth           2%         2d4       9%          1

Your spell library contained the following spells:

 Spells                   Type           Power      Damage    Failure   Level


Dungeon Overview and Level Annotations

Branches:
Dungeon (4/15)
 Temple: D:4-7

Altars:
Dithmenos
Sif Muna

Shops:
D:1 =


Innate Abilities, Weirdness & Mutations

You are small and have problems with some larger weapons.
You are completely attuned to the shadows.
You are weak. (Str -2)
You are vulnerable to heat. (rF-)


Message History

Okay, then.
Blink to where?
Press: ? - help, Dir - move target, p - ogre
As you read the scroll of blinking, it crumbles to dust.
Throw: 8 darts (poison)
Press: ? - help, Q - select action, (/) - cycle Shift-Dir - straight line, f - ogre
Aim: an ogre, wielding a +0 giant club (moderately wounded, 76% to hit)
You throw a poisoned dart. The poisoned dart hits the ogre.
The ogre is moderately wounded.
Throw: 7 darts (poison)
Press: ? - help, Q - select action, (/) - cycle Shift-Dir - straight line, f/p - ogre
Aim: an ogre, wielding a +0 giant club (moderately wounded, 76% to hit)
You throw a poisoned dart. The poisoned dart hits the ogre.
The ogre is poisoned.
The ogre is moderately wounded.
Throw: 6 darts (poison)
Press: ? - help, Q - select action, (/) - cycle Shift-Dir - straight line, f/p - ogre
Aim: an ogre, wielding a +0 giant club (moderately wounded, poisoned, 76% to hit)
You throw a poisoned dart. The poisoned dart hits the ogre.
The ogre looks even sicker.
The ogre is moderately wounded.
The ogre attacks as you move away! The ogre misses you.
The ogre looks more healthy.
Throw: 5 darts (poison)
Press: ? - help, Q - select action, (/) - cycle Shift-Dir - straight line, f/p - ogre
Aim: an ogre, wielding a +0 giant club (heavily wounded, 76% to hit)
You throw a poisoned dart.
The poisoned dart barely misses the ogre.
The ogre attacks as you move away! The ogre completely misses you.
The ogre attacks as you move away! The ogre barely misses you.
Throw: 9 darts (curare)
Press: ? - help, Q - select action, (/) - cycle Shift-Dir - straight line, f/p - ogre
Aim: an ogre, wielding a +0 giant club (heavily wounded, 76% to hit)
You throw a curare-tipped dart.
The curare-tipped dart barely misses the ogre.
Okay, then.
You feel yourself speed up.
The ogre hits you with a +0 giant club!!
Ouch! That really hurt!
You die...

######## #......#
#......#
#......##########
#..@O......(....####
#..).#'########..(((
#....#_# ######
#....#+# # ###....#
#.###########
#.#.....)...#
#.#.........#
#.#.....?...#


You could see an ogre.

Vanquished Creatures
  A jelly (D:3)
  Jessica (D:3)
  A worm (D:2)
  12 dart slugs (D:3)
  An orc (D:3)
  2 endoplasms
  2 giant cockroaches
  7 goblins
  9 hobgoblins
  2 quokkas
  6 ball pythons
  2 bats
  3 frilled lizards
  2 kobolds (D:2)
  5 rats
56 creatures vanquished.

Notes
Turn   | Place    | Note
-------+----------+-------------------------------------------
     0 | D:1      | Rocko1345 the Kobold Brigand began the quest for the Orb.
     0 | D:1      | Reached XP level 1. HP: 12/12 MP: 1/1
   429 | D:1      | Found Baf Yrch's Jewellery Boutique.
   545 | D:1      | Found a faded altar of an unknown god.
   549 | D:1      | Got Plato's Encyclopedia of the Tektite
   554 | D:1      | Prayed at the altar of an unknown god.
   554 | D:1      | Became a worshipper of Sif Muna the Loreminder
   554 | D:1      | Reached * piety under Sif Muna
   656 | D:2      | Reached XP level 2. HP: 18/18 MP: 2/2
   911 | D:2      | Reached skill level 6 in Stealth
  1072 | D:2      | Learned a level 1 spell: Sandblast
  1095 | D:2      | Reached XP level 3. HP: 22/22 MP: 3/3
  1551 | D:3      | Noticed Jessica
  1555 | D:3      | Killed Jessica
  1556 | D:3      | Reached skill level 1 in Spellcasting
  1556 | D:3      | Reached XP level 4. HP: 27/27 MP: 5/5
  1773 | D:3      | Reached skill level 7 in Stealth
  1925 | D:3      | Reached ** piety under Sif Muna
  2097 | D:3      | HP: 1/27 [acid (5)]
  2109 | D:3      | Reached XP level 5. HP: 3/31 MP: 6/6
  2113 | D:3      | HP: 1/31 [acid (2)]
  2249 | D:3      | Gained mutation: You are vulnerable to heat. (rF-) [potion
                  | of mutation]
  2249 | D:3      | Gained mutation: You are weak. (Str -2) [potion of
                  | mutation]
  2671 | D:4      | Found a shadowy altar of Dithmenos.
  2698 | D:4      | Noticed an ogre
  2728 | D:4      | Mangled by an ogre

Illustrated notes

Levels and vault maps discovered:
D:1:      eino_arrival_cavern_d, layout_loops_ring, serial_shops,
          nicolae_lakefront_shop, shapermc_ecumenical_altar_rom_forum
D:2:      layout_loops_ring, serial_forest, infiniplex_forest_lined_2,
          infiniplex_forest_lined_3_way, infiniplex_forest_diagonal,
          infiniplex_forest_straight_3, infiniplex_forest_lined_room_2
D:3:      kennysheep_slugbush, layout_basic, uniq_jessica
D:4:      layout_rooms, kennysheep_mini, serial_shops, shop_fountains

Skill      XL: |  1  2  3  4 |
---------------+-------------+-----
Stealth        | 6 7 |  7.3
Short Blades   | 3 |  3.9
Spellcasting   | 1 |  1.4
Fighting       | |  2.6
Throwing       | |  2.2
Dodging        | |  1.5
Earth Magic    | |  0.3

Action                     |  1- 3 |  4- 6 || total
---------------------------+-------+-------++-------
  Melee: Dagger            |    61 |    74 ||   135
  Throw: Dart              |     4 |     6 ||    10
   Cast: Sandblast         |       |    10 ||    10
    Use: Scroll            |     3 |     4 ||     7
         Potion            |       |     4 ||     4
   Stab: Sleeping          |    13 |    10 ||    23
 Armour: Robe              |     7 |     6 ||    13
  Dodge: Dodged            |    27 |    41 ||    68

Table legend: (Time is in decaauts)
 A = Elapsed time spent in this place.
 B = Non-inter-level travel time spent in this place.
 C = Inter-level travel time spent in this place.
 D = Time resting spent in this place.
 E = Time spent auto-exploring this place.
 F = Levels seen in this place.
 G = Mean time per level.
                   A        B        C        D        E       F      G
               +--------+--------+--------+--------+--------+-----+--------+
         Total |   2698 |   2622 |     76 |    213 |   1707 |   4 |  674.5 |
       Dungeon |   2698 |   2622 |     76 |    213 |   1707 |   4 |  674.5 |
               +--------+--------+--------+--------+--------+-----+--------+

Top non-repeatable levels by time:
     D:3: 1109 daAuts
     D:2: 813 daAuts
     D:1: 652 daAuts
     D:4: 122 daAuts
